 Dungeon Crawl Stone Soup version 0.17-a0-1798-g879a7aa (webtiles) character file.

140 AvaKnavely the Charmwright (level 5, -1/45 HPs)
             Began as a Draconian Skald on Sept 10, 2015.
             Was an Initiate of Qazlal.
             Killed by nerve-wracking pain
             ... invoked by Grinder
              (10 damage)
             ... on level 3 of the Dungeon on Sept 11, 2015.
             The game lasted 00:12:51 (2561 turns).

AvaKnavely the Charmwright (Draconian Skald)        Turns: 2561, Time: 00:12:51

Health: -1/45      AC:  5    Str: 15    XL:     5   Next: 2%
Magic:  9/9        EV: 12    Int: 13    God:    Qazlal [......]
Gold:   110        SH:  0    Dex: 10    Spells: 3 memorised, 4 levels left

rFire  . . .     SeeInvis .     a - +0 short sword
rCold  . . .     Clarity  .     (armour unavailable)
rNeg   . . .     SustAt   .     (no shield)
rPois  .         Gourm    .     (helmet restricted)
rElec  .         Spirit   .     (no cloak)
rCorr  .         Warding  .     (no gloves)
rMut   .         Stasis   .     (no boots)
MR     .....                    (no amulet)
Stlth  +.........               (no ring)
                                (no ring)

@: not resistant to hostile enchantments, very unstealthy
A: unfitting armour, cold-blooded, AC +5
a: Renounce Religion


You were on level 3 of the Dungeon.
You worshipped Qazlal.
Qazlal was noncommittal.
You were not hungry.

You visited 1 branch of the dungeon, and saw 3 of its levels.

You collected 110 gold pieces.

Inventory:

Hand weapons
 a - a +0 short sword (weapon)
Armour
 j - a +0 pair of gloves
Jewellery
 h - a +4 ring of slaying {unknown}
Scrolls
 d - a scroll of fog {unknown}
 e - a scroll of immolation {unknown}
 f - a scroll of teleportation {unknown}
 g - a scroll of fear {unknown}
 i - a scroll of identify {unknown}
Books
 b - a book of Battle

   Spells                             Type                      Level
   a - Infusion                       Charms                       1
   b - Shroud of Golubria             Charms/Translocation         2
   c - Song of Slaying                Charms                       2
   d - Spectral Weapon                Hexes/Charms                 3
   e - Regeneration                   Charms/Necromancy            3
Comestibles
 c - 5 bread rations
 k - 2 chunks of flesh


   Skills:
 * Level 3.5 Fighting
 - Level 2.2 Short Blades
 - Level 1.4 Dodging
 + Level 2.9 Spellcasting
 + Level 3.6 Charms
 + Level 1.1 Translocations


You had 4 spell levels left.
You knew the following spells:

 Your Spells              Type           Power        Failure   Level  Hunger
a - Infusion              Chrm           ##....       8%          1    #......
b - Shroud of Golubria    Chrm/Tloc      #.........   14%         2    ###....
c - Song of Slaying       Chrm           ##......     10%         2    ###....


Dungeon Overview and Level Annotations

Branches:
Dungeon (3/15)

Altars:
Kikubaaqudgha
Qazlal

Annotations:
D:3 Grinder


Innate Abilities, Weirdness & Mutations

Your plain brown scales are hard (AC +5).
Your body does not fit into most forms of armour.
You are cold-blooded and may be slowed by cold attacks.


Message History

You offer a prayer to Qazlal.
Qazlal is noncommittal.
Grinder hits you.
You writhe in agony.
You closely miss Grinder.
Grinder gestures.
Grinder blinks!
Grinder hits you!
You writhe in agony.
You hit Grinder.
You tail-slap Grinder, but do no damage.
Grinder is lightly wounded.
Grinder hits you!
* * * LOW HITPOINT WARNING * * *
You writhe in agony.
* * * LOW HITPOINT WARNING * * *
There is a stone staircase leading down here.
You closely miss Grinder.
Your tail-slap misses Grinder.
Grinder is lightly wounded.
Grinder gestures at you. Pain shoots through your body!
You die...

#.PP≈P.###..P≈ #(.
#.PP≈P≈# ..≈≈ ...
#P≈≈≈≈.# ..≈ #..
#PPPP..# ..# (..
#####..# ..####
#.# #..# .....
######..###..####.
#.........5...[...
#.#####..@.#.####.
####...# ##.## .#
.# .# .#


You could see Grinder.

Vanquished Creatures
  2 orc wizards
  3 adders (D:2)
  2 worms
  2 giant geckos (D:1)
  3 orcs
  2 giant cockroaches (D:2)
  A goblin (D:1)
  8 hobgoblins
  5 jackals (D:2)
  4 bats
  6 giant newts
  7 kobolds
  6 rats
51 creatures vanquished.

Notes
Turn   | Place    | Note
--------------------------------------------------------------
     0 | D:1      | AvaKnavely the Draconian Skald began the quest for the Orb.
     0 | D:1      | Reached XP level 1. HP: 17/17 MP: 3/3
   168 | D:1      | Reached XP level 2. HP: 25/25 MP: 5/5
   172 | D:1      | Learned a level 2 spell: Shroud of Golubria
   958 | D:2      | Reached skill level 3 in Charms
   993 | D:2      | Reached XP level 3. HP: 21/30 MP: 0/6
  1191 | D:2      | Learned a level 2 spell: Song of Slaying
  1194 | D:2      | Found an ancient bone altar of Kikubaaqudgha.
  1382 | D:2      | Found a stormy altar of Qazlal.
  1390 | D:2      | Became a worshipper of Qazlal Stormbringer
  1640 | D:2      | Reached XP level 4. HP: 24/38 MP: 1/7
  1816 | D:2      | Reached skill level 1 in Translocations
  2459 | D:2      | Reached XP level 5. HP: 42/45 MP: 9/9
  2553 | D:3      | Noticed Grinder
  2561 | D:3      | Killed from afar by Grinder

Vault maps used:
D:1:      dpeg_arrival_pond
D:2:      kiku_gazebo_pond_becter, lemuel_coloured_pillars_altar, first_bread,
          kennysheep_generic_room_13
D:3:      lemuel_crystal_altar, nicolae_gozag_seed_capital,
          serial_bayou_lagoon_a, uniq_crazy_yiuf_cottage, uniq_jessica,
          uniq_grinder

Action                   |  1- 3 |  4- 6 || total
-------------------------+-------+-------++-------
Melee: Short sword       |   143 |    61 ||   204
 Cast: Shroud of Golubri |    10 |     5 ||    15
       Infusion          |    11 |     7 ||    18
       Song of Slaying   |       |     3 ||     3
  Use: Potion            |       |     2 ||     2
  Eat: Chunk             |     2 |     5 ||     7
